 Dungeon Sprint DCSS version 0.30-a0-996-ga6910c8ee8 (webtiles) character file.

Game seed: 11801852539740297722

82 DiggyJ the Ruffian (level 4, -2/39 HPs)
             Began as a Troll Berserker on Apr 4, 2023.
             Was a Believer of Trog.
             Drowned by a water elemental (5 damage)
             ... in the Dungeon (Sprint III: "The Ten Rune Challenge").
             The game lasted 00:01:17 (172 turns).

DiggyJ the Ruffian (Troll Berserker)                 Turns: 172, Time: 00:01:18

Health: -2/39      AC:  4    Str: 27    XL:     4   Next: 21%
Magic:  3/3        EV: 10    Int:  3    God:    Trog [**....]
Gold:   23         SH:  0    Dex:  9    Spells: 3/3 levels left

rFire   . . .      SeeInvis .      - Unarmed
rCold   . . .      Faith    .    (no shield)
rNeg    . . .      Spirit   .    a - +0 animal skin
rPois   +          Reflect  .    (helmet restricted)
rElec   .          Rampage  .    (no cloak)
rCorr   .          NoTele   +    (gloves unavailable)
Will    +....                    (boots unavailable)
Stlth   +                        (no amulet)
HPRegen 1.06/turn                i - ring of willpower
MPRegen 0.08/turn                (no ring)

@: engulfed (cannot breathe)
A: large, unfitting armour, claws 3, regeneration 1, shaggy fur 1, tough skin 1,
frail 2, poison resistance, MP-powered wands
a: Renounce Religion, Berserk, Trog's Hand


You were in the Dungeon.
You worshipped Trog.
Trog was pleased with you.
You visited 1 branch You collected 23 gold pieces.

Inventory:

Armour
 a - a +0 animal skin (worn)
Jewellery
 i - a ring of willpower (left claw)
Scrolls
 g - a scroll of blinking
 h - a scroll of fog {unknown}
 j - 2 scrolls of torment {unknown}
 k - 3 scrolls of identify
Potions
 b - a potion of curing
 c - a potion of heal wounds
 d - a potion of haste
 e - 2 potions of magic
 f - a potion of berserk rage
 l - a potion of might {unknown}
 m - 4 potions of flight


   Skills:
 + Level 4.6 Fighting
 + Level 4.5 Dodging
 + Level 5.8 Unarmed Combat


You had 3 spell levels left.
You didn't know any spells.
Your spell library was empty.

Dungeon Overview and Level Annotations

Branches:
Dungeon (1/1)

Altars:


Innate Abilities, Weirdness & Mutations

You are too large for most types of armour.
You have claws for hands.
Your natural rate of healing is unusually fast.
You are covered in fur. (AC +1)
You have tough skin. (AC +1)
You are very frail. (-20% HP)
Your system is resistant to poisons. (rPois)
You expend magic power (3 MP) to strengthen your wands.


Message History

j - 2 scrolls labelled WUNYR SOGO (gained 1)
k - 3 scrolls of identify (gained 2);
n - 4 potions of mutation (gained 2)
m - 4 potions of flight (gained 2)
There are no items here.
You feel extremely strange.
You feel stronger.
You feel agile.
Okay, then.
Really quaff the potion of mutation?
You feel extremely strange.
You feel weaker.
You feel clumsy.
You occasionally lose the ability to drink potions when taking damage.
You feel strong-willed.
Really quaff the potion of mutation?
You feel extremely strange.
You no longer become unable to drink potions after taking damage.
You no longer feel strong-willed.
You feel agile.
You feel frail.
You feel resistant to cold.
Really quaff the potion of mutation?
You feel extremely strange.
You no longer feel cold resistant.
You feel clumsy.
You feel your magical essence link to the dungeon's wands.
You feel frail.
You feel resistant to poisons.
Unknown command.
There is an open door here.
You enter the shallow water.
Why would you want to do that? Why would you want to do that?
You see here a scorpion corpse.
You open the door.
A water elemental comes into view.
The water elemental hits you!
The water elemental engulfs you in water!
You claw the water elemental!
The water elemental is moderately damaged.
Your lungs strain for air!
The water elemental hits you!
* * * LOW HITPOINT WARNING * * *
You claw the water elemental!
The water elemental is severely damaged.
You die...

▓▓▓▓▓▓▓▓▓▓▓▓ ▓▓▓
<.#..'.....♣♣ ♣.#
..#..#......♣ ♣.#
#'####.....♣♣ ♣♣.#
.†...#....~.♣♣♣..# #+#+#
.....#...~~♣..♣..#......
.....#..~~~~♣♣♣.@E.⌠....
####'#..~≈≈~~~♣♣.#...###
.....#.~~≈~~†....#.⌠.#
...†.#.~≈~~~.....# ..#
.....#.~~~.......# ###
'#####...........#
...........†.....#
▓▓▓▓▓▓▓▓▓▓▓▓▓▓▓▓▓▓


You could see a water elemental.

Vanquished Creatures
  A scorpion (D)
  A human (D)
  An endoplasm (D)
  3 rats (D)
6 creatures vanquished.

Notes
Turn   | Place    | Note
-------+----------+-------------------------------------------
     0 | D        | DiggyJ the Troll Berserker began the quest for the Orb.
     0 | D        | Reached XP level 1. HP: 22/22 MP: 0/0
    20 | D        | Reached ** piety under Trog
    56 | D        | HP: 1/22 [human (2)]
    60 | D        | Reached skill level 4 in Unarmed Combat
    60 | D        | Reached XP level 2. HP: 5/31 MP: 1/1
   105 | D        | Noticed a scorpion
   116 | D        | Killed a scorpion
   117 | D        | Reached skill level 5 in Unarmed Combat
   117 | D        | Reached XP level 3. HP: 40/40 MP: 2/2
   117 | D        | Reached XP level 4. HP: 49/49 MP: 3/3
   142 | D        | Gained mutation: Your muscles are strong. (Str +4, Int/Dex
                  | -1) [potion of mutation]
   142 | D        | Gained mutation: You are agile. (Dex +4, Str/Int -1)
                  | [potion of mutation]
   143 | D        | Lost mutation: Your muscles are strong. (Str +4, Int/Dex
                  | -1) [potion of mutation]
   143 | D        | Lost mutation: You are agile. (Dex +4, Str/Int -1) [potion
                  | of mutation]
   143 | D        | Gained mutation: You occasionally lose the ability to drink
                  | potions when taking damage. [potion of mutation]
   143 | D        | Gained mutation: You are strong-willed. (Will+) [potion of
                  | mutation]
   144 | D        | Lost mutation: You occasionally lose the ability to drink
                  | potions when taking damage. [potion of mutation]
   144 | D        | Lost mutation: You are strong-willed. (Will+) [potion of
                  | mutation]
   144 | D        | Gained mutation: You are agile. (Dex +4, Str/Int -1)
                  | [potion of mutation]
   144 | D        | Gained mutation: You are frail. (-10% HP) [potion of
                  | mutation]
   144 | D        | Gained mutation: Your flesh is cold resistant. (rC+)
                  | [potion of mutation]
   145 | D        | Lost mutation: Your flesh is cold resistant. (rC+) [potion
                  | of mutation]
   145 | D        | Lost mutation: You are agile. (Dex +4, Str/Int -1) [potion
                  | of mutation]
   145 | D        | Gained mutation: You expend magic power (3 MP) to
                  | strengthen your wands. [potion of mutation]
   145 | D        | Gained mutation: You are very frail. (-20% HP) [potion of
                  | mutation]
   145 | D        | Gained mutation: Your system is resistant to poisons.
                  | (rPois) [potion of mutation]
   168 | D        | Noticed a water elemental
   172 | D        | Drowned by a water elemental

Illustrated notes

Levels and vault maps discovered:
D:        dungeon_sprint_mu [sprint_mu_entry_forest, sprint_mu_temple_rooms,
          sprint_mu_d1_horrors, sprint_mu_d2_genie, sprint_mu_d3_branching,
          sprint_mu_orc_legion, sprint_mu_elf_gauntlet, sprint_mu_hive_nellie,
          sprint_mu_lair_fedhas, sprint_mu_vaults_butterflies,
          sprint_mu_slime_circle, sprint_mu_shoals_kraken,
          sprint_mu_snake_twists, sprint_mu_blade_basic,
          sprint_mu_crypt_fortress, sprint_mu_tomb_spiral,
          sprint_mu_vestibule_basic, sprint_mu_gehenna_hellfire,
          sprint_mu_dis_giant, sprint_mu_tartarus_statrot,
          sprint_mu_cocytus_islands, sprint_mu_zot1]

Skill      XL: |  1  2 |
---------------+-------+-----
Fighting       | 3 4 |  4.6
Dodging        | 3 4 |  4.5
Unarmed Combat | 4 5 |  5.8

Action                     |  1- 3 |  4- 6 || total
---------------------------+-------+-------++-------
  Melee: Unarmed           |    22 |     2 ||    24
    Use: Potion            |       |     4 ||     4
 Armour: Animal skin       |     4 |       ||     4
  Dodge: Dodged            |     5 |       ||     5

Table legend: (Time is in decaauts)
 A = Elapsed time spent in this place.
 B = Non-inter-level travel time spent in this place.
 C = Inter-level travel time spent in this place.
 D = Time resting spent in this place.
 E = Time spent auto-exploring this place.
 F = Levels seen in this place.
 G = Mean time per level.
                   A        B        C        D        E       F      G
               +--------+--------+--------+--------+--------+-----+--------+
         Total |    169 |    169 |      0 |     25 |      0 |   1 |  169.0 |
       Dungeon |    169 |    169 |      0 |     25 |      0 |   1 |  169.0 |
               +--------+--------+--------+--------+--------+-----+--------+

Top non-repeatable levels by time:
       D: 169 daAuts
